 Dungeon Crawl Stone Soup version 0.26.0-18-gc5c842f807 (webtiles) character file.

Game seed: 10041314009765704236

80 kaeus the Firebug (level 4, -9/36 HPs)
             Began as a Gargoyle Fire Elementalist on Jan 23, 2021.
             Was an Initiate of the Shining One.
             Mangled by Sigmund
             ... wielding a +0 scythe
              (10 damage)
             ... on level 2 of the Dungeon.
             The game lasted 00:02:29 (2444 turns).

kaeus the Firebug (Gargoyle Fire Elementalist)      Turns: 2444, Time: 00:02:29

Health: -9/36      AC:  5    Str: 12    XL:     4   Next: 39%
Magic:  1/7        EV: 11    Int: 16    God:    the Shining One [......]
Gold:   145        SH:  3    Dex: 10    Spells: 7/8 levels left

rFire    . . .     SeeInvis .   f - +0 hand axe
rCold    . . .     Faith    .   d - +0 buckler
rNeg     + . .     Spirit   .   a - +0 robe
rPois    ∞         Reflect  .   (no helmet)
rElec    +         Harm     .   (no cloak)
rCorr    .         Rampage  .   (no gloves)
Will     .....                  (no boots)
Stlth    ..........             (no amulet)
HPRegen  0.12/turn              j - ring of flight
MPRegen  0.10/turn              (no ring)

@: berserking, hasted, glowing, very quick
A: negative energy resistance 1, electricity resistance, unbreathing,
petrification resistance, miasma immunity, AC +3
a: Renounce Religion, Evoke Flight


You were on level 2 of the Dungeon.
You worshipped the Shining One.
The Shining One was noncommittal.
You visited 1 branch of the dungeon, and saw 2 of its levels.

You collected 145 gold pieces.

Inventory:

Hand Weapons
 f - a +0 hand axe (weapon)
Armour
 a - a +0 robe (worn)
 d - a +0 buckler (worn)
Jewellery
 j - a ring of flight (left hand)
Scrolls
 b - 2 scrolls of identify {unknown}
 c - a scroll of enchant weapon {unknown}
 g - 3 scrolls of fear {unknown}
 i - a scroll of remove curse {unknown}
Potions
 e - a potion of haste


   Skills:
 - Level 1.5 Dodging
 - Level 2.1 Stealth
 + Level 2.6 Spellcasting
 + Level 2.3 Conjurations
 * Level 4.2 Fire Magic


You had 7 spell levels left.
You knew the following spells:

 Your Spells              Type           Power        Failure   Level
a - Foxfire               Conj/Fire      48%          9%          1

Your spell library contained the following spells:

 Spells                   Type           Power        Failure   Level
 Conjure Flame            Conj/Fire      12%          26%         3
 Inner Flame              Hex/Fire       8%           38%         3
 Sticky Flame             Conj/Fire      12%          63%         4
 Fireball                 Conj/Fire      6%           93%         5


Dungeon Overview and Level Annotations

Branches:
Dungeon (2/15)

Altars:
Makhleb
The Shining One

Annotations:
D:2 Sigmund


Innate Abilities, Weirdness & Mutations

You are resistant to torment.
Your stone body is resilient. (AC +3)
You are immune to poison.
You resist negative energy. (rN+)
You are resistant to electric shocks. (rElec)
You can survive without breathing.
You are immune to petrification.
You are immune to miasma.


Message History

You barely miss something. Something hits you.
You take 1 damage, and have 11/24 hp.
Casting: Foxfire (safe; 9% risk of failure)
Confirm with . or Enter, or press ? or * to list all spells.
You don't have enough magic to cast that spell.
You hit something. Something hits you!
* * * LOW HITPOINT WARNING * * *
You take 8 damage, and have 3/24 hp.
MASSIVE DAMAGE!!
It was a potion of haste.
You feel yourself speed up.
It was a potion of berserk rage.
A red film seems to cover your vision as you go berserk!
You feel yourself moving faster!
You feel mighty! Something hits you.
* * * LOW HITPOINT WARNING * * *
You now have 1/36 hp.
You are too berserk!
Unknown command.
You closely miss something.
Your magical contamination has completely faded away.
You miss something. Something hits you!
You die...

# #.# ## #.# .######.####
#.# ......... ... #.#
.######## ##.# #.#
.....#### #<...#.#
)#......# #....#.########
†#.####... #............#
.#....### ##..#@######.#
.#..#...## .#..{......#.#
.##.#....##.##.#.####.#.#
..#.##....#..#.#.# #.#
#.#..##...##.# ..# #.#
#.##. ##...#.##### #.#
#..##..###.#..# #.#
#...##.....#..# #.#
#...#####.....# #.#


There were no monsters in sight!

Vanquished Creatures
  3 adders (D:2)
  A dart slug (D:2)
  4 leopard geckos
  2 giant cockroaches
  4 goblins
  4 hobgoblins
  7 jackals
  9 kobolds
  5 bats
  2 frilled lizards
  5 rats
46 creatures vanquished.

Vanquished Creatures (others)
  108 foxfires
108 creatures vanquished.

Grand Total: 154 creatures vanquished

Notes
Turn   | Place    | Note
-------+----------+-------------------------------------------
     0 | D:1      | kaeus the Gargoyle Fire Elementalist began the quest for
                  | the Orb.
     0 | D:1      | Reached XP level 1. HP: 10/10 MP: 3/3
   361 | D:1      | Reached XP level 2. HP: 15/15 MP: 0/5
  1078 | D:1      | Reached XP level 3. HP: 19/19 MP: 1/6
  1783 | D:2      | Reached skill level 4 in Fire Magic
  1850 | D:2      | Reached XP level 4. HP: 22/24 MP: 7/7
  1893 | D:2      | Found a glowing golden altar of the Shining One.
  1899 | D:2      | Found a burning altar of Makhleb.
  1941 | D:2      | Became a worshipper of the Shining One
  2422 | D:2      | Noticed Sigmund
  2442 | D:2      | HP: 1/36 [something (5)]
  2444 | D:2      | Mangled by Sigmund

Illustrated notes

Levels and vault maps discovered:
D:1:      dpeg_arrival_fog, layout_basic, minmay_misc_feat_four_crosses
D:2:      minmay_evil_eye, layout_basic, amethyst_overflow_temple_binary,
          uniq_sigmund

Skill      XL: |  1  2  3 |
---------------+----------+-----
Conjurations   | 2 |  2.3
Fire Magic     | 4 |  4.2
Dodging        | |  1.5
Stealth        | |  2.1
Spellcasting   | |  2.6

Action                   |  1- 3 |  4- 6 || total
-------------------------+-------+-------++-------
Melee: Unarmed           |    14 |       ||    14
       Mace              |     2 |       ||     2
       Hand axe          |    24 |    41 ||    65
 Cast: Foxfire           |    59 |    29 ||    88
  Use: Potion            |       |     2 ||     2
Armor: Robe              |     8 |    13 ||    21
Dodge: Dodged            |    28 |    18 ||    46
Block: Buckler           |     6 |     4 ||    10
